 Dungeon Crawl Stone Soup version 0.24.1-14-gf8d2b509d9 (webtiles) character file.

Game seed: 9193725201892024786, levelgen mode: deterministic

174 Gruesph the Poker (level 5, -17/41 HPs)
             Began as a Merfolk Skald on May 16, 2020.
             Was an Initiate of Ashenzari.
             Demolished by an ogre
             ... wielding a +0 giant spiked club
              (23 damage)
             ... on level 4 of the Dungeon.
             The game lasted 00:15:23 (4566 turns).

Gruesph the Poker (Merfolk Skald)                   Turns: 4566, Time: 00:15:24

Health: -17/41     AC:  7    Str: 22    XL:     5   Next: 54%
Magic:  7/8        EV: 12    Int: 13    God:    Ashenzari [......]
Gold:   210        SH:  0    Dex: 13    Spells: 3/8 levels left

rFire    . . .     SeeInvis .   a - +0 trident
rCold    . . .     Gourm    .   (no shield)
rNeg     . . .     Faith    .   k - +0 ring mail
rPois    .         Spirit   .   (no helmet)
rElec    .         Reflect  .   e - +1 cloak
rCorr    .         Harm     .   (no gloves)
MR       .....                  (no boots)
Stlth    +.........             (no amulet)
HPRegen  0.13/turn              p - +5 ring of strength
MPRegen  0.11/turn              (no ring)

@: mighty, singing
A: change form in water, swift swim, stealthy swim
a: Curse Item, Renounce Religion


You were on level 4 of the Dungeon.
You worshipped Ashenzari.
Ashenzari was noncommittal.
You were not hungry.

You visited 1 branch of the dungeon, and saw 4 of its levels.

You collected 210 gold pieces.

Inventory:

Hand Weapons
 a - a +0 trident (weapon)
Missiles
 g - 72 stones (quivered)
Armour
 e - a +1 cloak (worn)
 k - a +0 ring mail (worn)
Jewellery
 p - a +5 ring of strength (left hand)
Scrolls
 b - 2 scrolls of fog
 d - 3 scrolls of blinking
 j - a scroll of amnesia
 m - a scroll of magic mapping
 n - 2 scrolls of teleportation
 t - 2 scrolls of immolation
Potions
 c - a potion of curing
 o - 2 potions of haste
 q - a potion of brilliance
 u - a potion of magic {unknown}
 v - a potion of lignification {unknown}
 w - a potion of might
Comestibles
 f - 9 rations


   Skills:
 - Level 3.0 Fighting
 + Level 5.5 Polearms
 - Level 1.0 Armour
 - Level 3.0 Dodging
 - Level 2.0 Stealth
 - Level 2.0 Spellcasting
 + Level 4.3 Charms


You had 3 spell levels left.
You knew the following spells:

 Your Spells              Type           Power        Failure   Level  Hunger
b - Song of Slaying       Chrm           ##......     11%         2    ###....
c - Regeneration          Chrm/Necr      #.........   45%         3    ####...

Your spell library contained the following spells:

 Spells                   Type           Power        Failure   Level  Hunger
 Infusion                 Chrm           ##..         7%          1    ##.....
 Shroud of Golubria       Chrm/Tloc      #.....       26%         2    ###....
 Spectral Weapon          Hex/Chrm       #.......     45%         3    ####...


Dungeon Overview and Level Annotations

Branches:
Dungeon (4/15)
 Temple: D:4-7

Altars:
Ashenzari
Elyvilon
Nemelex Xobeh
Qazlal
Uskayaw
Xom
Yredelemnul

Annotations:
D:3 4 runed translucent doors, Crazy Yiuf; nano's ghost, amateur SpTm


Message History

You are too injured to fight recklessly!
You hit the ogre.
The ogre is severely wounded.
The ogre hits you with a +0 giant spiked club!!
* * * LOW HITPOINT WARNING * * *
The howler monkey hoots and howls with incredible vigour!
You feel much better.
You feel very mighty all of a sudden.
The ogre hits you with a +0 giant spiked club!
* * * LOW HITPOINT WARNING * * *
You hit the ogre.
The ogre is severely wounded.
The howler monkey hoots and howls with incredible vigour!
The ogre hits you with a +0 giant spiked club.
* * * LOW HITPOINT WARNING * * *
You barely miss the ogre.
The ogre is severely wounded.
The ogre hits you with a +0 giant spiked club!!
Ouch! That really hurt!
You die...

#..)............###..[###
* *#..<..........##...###
* ###(..........##...###
* ##.).#.......###..### *
..#####....#.....## ###
##.#####..## # ### ##.##
****** #..# ***,,,,** ##
#.@# ***,,,,,,,* .###
##O#****,,,,,,,,,* ...##
#h.#*,,,,,,,,,,,** ....##
##.#,,,,,,,,,,,,,* .....#
*.?,,,,,,,,,,,,,* .....#
*...,,,,,,,,,,,,* .....#
*....,,,,,,,,,,,* .....#
*.....,,,,,,,,,,* .....#
*#..((.,,,,,,,,**


You could see an ogre and a howler monkey.

Vanquished Creatures
  An orc wizard (D:3)
  3 adders (D:3)
  An ooze (D:4)
  6 worms
  5 dart slugs
  2 leopard geckos
  11 orcs
  4 giant cockroaches
  8 goblins
  6 hobgoblins
  2 quokkas
  A ball python (D:2)
  9 bats
  5 frilled lizards
  4 kobolds
  11 rats
79 creatures vanquished.

Notes
Turn   | Place    | Note
-------+----------+-------------------------------------------
     0 | D:1      | Gruesph the Merfolk Skald began the quest for the Orb.
     0 | D:1      | Reached XP level 1. HP: 16/16 MP: 3/3
   133 | D:1      | Reached skill level 1 in Stealth
   249 | D:1      | Reached XP level 2. HP: 22/22 MP: 5/5
  1383 | D:1      | Reached skill level 4 in Polearms
  1409 | D:1      | Learned a level 2 spell: Song of Slaying
  1421 | D:2      | Reached XP level 3. HP: 22/27 MP: 6/6
  1722 | D:2      | Found a sparkling altar of Nemelex Xobeh.
  1870 | D:2      | Found a shimmering altar of Xom.
  1950 | D:2      | Found a stormy altar of Qazlal.
  1950 | D:2      | Found a hide-covered altar of Uskayaw.
  1953 | D:2      | Found a shattered altar of Ashenzari.
  2095 | D:2      | Reached skill level 1 in Armour
  2100 | D:2      | Learned a level 3 spell: Regeneration
  2664 | D:2      | Became a worshipper of Ashenzari the Shackled
  2797 | D:3      | Reached XP level 4. HP: 25/33 MP: 4/7
  3387 | D:3      | Found a basalt altar of Yredelemnul.
  3443 | D:3      | Found a white marble altar of Elyvilon.
  3526 | D:3      | Reached skill level 5 in Polearms
  3526 | D:3      | Reached XP level 5. HP: 35/40 MP: 0/8
  3678 | D:3      | Noticed nano's ghost (amateur SpTm)
  3819 | D:3      | Found a runed translucent gate.
  3820 | D:3      | Found a runed translucent gate.
  3821 | D:3      | Found a runed translucent gate.
  3864 | D:3      | Found a runed translucent door.
  3865 | D:3      | Noticed Crazy Yiuf
  4553 | D:4      | Noticed an ogre
  4562 | D:4      | HP: 2/41 [ogre/+0 giant spiked club (18)]
  4566 | D:4      | Demolished by an ogre

Levels and vault maps discovered:
D:1:      denvon_arrival_planthouse, layout_basic, minmay_pentomino_q4
D:2:      layout_loops_corners, minitemple, first_ration,
          nemelex_diamond_rough_becter
D:3:      layout_basic, kennysheep_ying_yang, gammafunk_ghost_icy,
          chequers_jeans, uniq_crazy_yiuf_cottage
D:4:      layout_cave_pods, grunt_temple_overflow_lords_of_destruction,
          serial_shops, kennysheep_mini, uniq_blork_the_orc

Skill      XL: |  1  2  3  4  5 |
---------------+----------------+-----
Stealth        | 1 2 |  2.0
Polearms       | 4 5 |  5.5
Armour         | 1 |  1.0
Dodging        | 3 |  3.0
Charms         | 4 |  4.3
Fighting       | 3 |  3.0
Spellcasting   | |  2.0

Action                   |  1- 3 |  4- 6 || total
-------------------------+-------+-------++-------
Melee: Spear             |   145 |   129 ||   274
       Trident           |       |     8 ||     8
Throw: Stone             |    25 |    27 ||    52
 Cast: Infusion          |    16 |     9 ||    25
       Song of Slaying   |     2 |     7 ||     9
  Use: Scroll            |       |    14 ||    14
       Potion            |       |     2 ||     2
 Stab: Sleeping          |     4 |       ||     4
  Eat: Chunk             |     6 |     7 ||    13
Armor: Leather armour    |     4 |       ||     4
       Ring mail         |    31 |    28 ||    59
Dodge: Dodged            |    50 |    52 ||   102
